 Dungeon Crawl Stone Soup version 0.29.0-4-gdea44cf6ec (webtiles) character file.

Game seed: 9403853693836705293

444 sking99 the Insei (level 7, -8/50 HPs)
             Began as a Djinni Transmuter on Aug 26, 2022.
             Was an Initiate of Okawaru.
             Mangled by an orc
             ... wielding a +0 morningstar
              (10 damage)
             ... on level 4 of the Dungeon.
             The game lasted 00:12:58 (6519 turns).

sking99 the Insei (Djinni Transmuter)               Turns: 6519, Time: 00:12:58

Health: -8/50      AC:  5    Str:  9    XL:     7   Next: 23%
Gold:   270        EV: 12    Int: 17    God:    Okawaru [......] SH:  0 Dex: 13

rFire   + + .      SeeInvis .     - Unarmed
rCold   x . .      Faith    .   (no shield)
rNeg    . . .      Spirit   .   a - +0 robe
rPois   ∞          Reflect  .   (no helmet)
rElec   .          Harm     .   r - +0 cloak
rCorr   .          Rampage  .   j - +1 pair of gloves
Will    .....                   (boots unavailable)
Stlth   +.........              (no amulet)
HPRegen 0.16/turn               (no ring)
MPRegen 0.00/turn               (no ring)

@: flying
A: sickness immunity, fire resistance 2, cold vulnerability 1, float, innate
caster, HP casting, extra vitality 1
a: Renounce Religion


You were on level 4 of the Dungeon.
You worshipped Okawaru.
Okawaru was noncommittal.
You visited 2 branches of the dungeon, and saw 5 of its levels.
You also visited: Sewer.

You collected 270 gold pieces.

Inventory:

Armour
 a - a +0 robe (worn)
 j - a +1 pair of gloves (worn)
 r - a +0 cloak (worn)
Jewellery
 e - a ring of fire
Scrolls
 c - a scroll of identify
 f - a scroll of magic mapping
 i - a scroll of torment
 l - a scroll of blinking
 n - a scroll of silence {unknown}
 p - a scroll of noise {unknown}
Potions
 b - a potion of lignification
 d - 3 potions of curing
 g - a potion of heal wounds
 h - a potion of ambrosia {unknown}
 k - a potion of haste
 o - a potion of resistance
Miscellaneous
 m - a condenser vane


   Skills:
 + Level 3.4 Fighting
 - Level 2.1 Dodging
 * Level 5.7 Unarmed Combat
 + Level 3.0 Spellcasting
 + Level 1.1 Invocations


You couldn't memorise any spells.
You knew the following spells:

 Your Spells              Type           Power      Damage    Failure   Level
a - Beastly Appendage     Tmut           24%        N/A       4%          1
b - Wereblood             Tmut           12%        N/A       8%          2
c - Spider Form           Tmut/Pois      12%        N/A       16%         3
d - Ice Form              Ice/Tmut       12%        N/A       45%         4
e - Shock                 Conj/Air       48%        1d6       4%          1
f - Scorch                Fire           24%        2d6       8%          2
g - Teleport Other        Tloc           12%        N/A       16%         3
Your spell library was empty.

Dungeon Overview and Level Annotations

Branches:
Dungeon (4/15)             Temple (1/1) D:4           Sewer (visited)

Altars:
Ashenzari
Cheibriados
Dithmenos
Elyvilon
Fedhas
Gozag
Hepliaklqana
Makhleb
Nemelex Xobeh
Okawaru
Ru
Trog
Uskayaw
Wu Jian
Xom
Yredelemnul
Zin
The Shining One

Shops:
D:2 *   D:4 :


Innate Abilities, Weirdness & Mutations

You are immune to sickness and miasma.
You are immune to poison.
Your flesh is very heat resistant. (rF++)
You are vulnerable to cold. (rC-)
You float through the air rather than walking.
You learn spells naturally, not from books.
Your magical power is your life essence.
You have superior vitality. (+4 MHP)


Message History

The adder closely misses you. The adder closely misses you.
The adder bites you.
* * * LOW HITPOINT WARNING * * *
The adder barely misses you. The adder misses you. The adder bites you.
* * * LOW HITPOINT WARNING * * *
The adder closely misses you. The adder bites you.
* * * LOW HITPOINT WARNING * * *
The adder bites you but does no damage. The adder bites you.
* * * LOW HITPOINT WARNING * * *
The adder bites you but does no damage. The adder closely misses you.
The adder closely misses you. The adder bites you but does no damage.
The adder bites you but does no damage. x2
The adder closely misses you. The adder bites you but does no damage.
The adder misses you.
The adder bites you but does no damage. x2
The adder closely misses you. The adder barely misses you.
The adder misses you. x2
The adder barely misses you.
An orc comes into view. It is wielding a +0 morningstar.
The adder bites you.
* * * LOW HITPOINT WARNING * * *
The orc shouts!
The adder closely misses you. The adder bites you but does no damage.
The adder bites you.
* * * LOW HITPOINT WARNING * * *
The adder bites you but does no damage. The adder closely misses you.
The adder bites you but does no damage. The adder misses you.
The orc hits you with a +0 morningstar.
* * * LOW HITPOINT WARNING * * *
The adder bites you.
* * * LOW HITPOINT WARNING * * *
The orc hits you with a +0 morningstar!
You die...

...#.#.####....### *****,***,
.##.##....)....# *** *,,,,,,**,
.##.########...# **,** *,*,,,,,*,
###.# #...#**,*,*##,,,,,,,,, #.#
#...#*,***..,,,,,,,,,, #.#
#...#**,*.#,.,,,,,,,,*
#.########...####.#...,,,,,,,,,
#.#..........o........,,,>,,,,,
#.............@S....#,,,,,,,,,,
#.#..............)..#..*,,,,...
###.########...########.#**,,,#..
#....# #...# #####.#,***,**#≈
#.#.## #...# #....#**,**** #≈
....# #.).# #.#.#* **,## #. #.###
#...###..## ##.# #≈ ..#
#.........## ##.## #≈ ###
#...###.##.###.#.## *#


You could see an adder and an orc.

Vanquished Creatures
  Duvessa (D:4)
  A bullfrog (Sewer)
  Dowan (D:4)
  A hound (D:2)
  An orc wizard (D:3)
  2 adders (Sewer)
  2 gnolls (D:2)
  A worm (D:3)
  2 dart slugs
  11 orcs
  10 ball pythons
  4 endoplasms
  11 giant cockroaches
  6 goblins
  11 hobgoblins
  10 jackals
  11 kobolds
  7 quokkas
  5 bats
  7 frilled lizards
  3 rats
108 creatures vanquished.

Vanquished Creatures (others)
  3 plants (D:2)
3 creatures vanquished.

Grand Total: 111 creatures vanquished

Notes
Turn   | Place    | Note
-------+----------+-------------------------------------------
     0 | D:1      | sking99 the Djinni Transmuter began the quest for the Orb.
     0 | D:1      | sking99 set off with the following spells memorised:
                  | Beastly Appendage, Wereblood, Spider Form, Ice Form.
     0 | D:1      | Reached XP level 1. HP: 17/17 MP: 0/0
   180 | D:1      | Reached XP level 2. HP: 5/22 MP: 0/0
   938 | D:1      | Found a faded altar of an unknown god.
  1215 | D:1      | Reached XP level 3. HP: 15/27 MP: 0/0
  1215 | D:1      | Learned a level 1 spell: Shock
  2441 | D:2      | Reached XP level 4. HP: 24/33 MP: 0/0
  2849 | D:2      | Found Tuevigam's Assorted Antiques.
  2919 | D:2      | Identified the +4 hand axe "Woopol" {vorpal, rCorr Str+3
                  | Int-3}
  2995 | D:2      | Reached skill level 4 in Unarmed Combat
  3399 | D:2      | Reached XP level 5. HP: 12/38 MP: 0/0
  3399 | D:2      | Learned a level 2 spell: Scorch
  3938 | D:3      | Found a glowing drain.
  3946 | Sewer    | Entered a sewer
  4355 | Sewer    | Noticed a bullfrog
  4364 | Sewer    | Killed a bullfrog
  4365 | Sewer    | Reached skill level 5 in Unarmed Combat
  4365 | Sewer    | Reached XP level 6. HP: 22/45 MP: 0/0
  5341 | D:3      | Found a shimmering altar of Xom.
  5342 | D:3      | Found a hide-covered altar of Uskayaw.
  5576 | D:4      | Found Zudausky's Self-Improvement Boutique.
  5642 | D:4      | Found a staircase to the Ecumenical Temple.
  5655 | Temple   | Entered the Ecumenical Temple
  5871 | Temple   | Became a worshipper of Warmaster Okawaru
  6008 | D:4      | Noticed Duvessa
  6010 | D:4      | Noticed Dowan
  6022 | D:4      | Killed Duvessa
  6023 | D:4      | Reached skill level 1 in Invocations
  6023 | D:4      | Reached XP level 7. HP: 19/50 MP: 0/0
  6023 | D:4      | Learned a level 3 spell: Teleport Other
  6029 | D:4      | Killed Dowan
  6519 | D:4      | HP: 2/50 [adder (2)]
  6519 | D:4      | Mangled by an orc

Illustrated notes

Levels and vault maps discovered:
D:1:      enne_arrival_octagon_isle, layout_basic,
          ebering_ecumenical_altar_sacrificial,
          amcnicky_mini_rare_corridor_liquid
D:2:      cheibrodos_old_hovel, layout_basic, serial_shops, nicolae_shop_stone,
          kennysheep_generic_room_8
D:3:      layout_rooms, nicolae_overflow_two_pavilions, gup_sewer_entry_bowl,
          minmay_unequal
D:4:      layout_loops_cross, minmay_temple_entry_stoned_glass,
          nicolae_shop_self_help, uniq_duvessa
Temple:   regret_index_temple_chain_breaker

Skill      XL: |  1  2  3  4  5  6  7 |
---------------+----------------------+-----
Spellcasting   | 2 3 |  3.0
Fighting       | 2 3 |  3.4
Unarmed Combat | 4 5 |  5.7
Invocations    | 1 |  1.1
Dodging        | |  2.1

Action                   |  1- 3 |  4- 6 |  7- 9 || total
-------------------------+-------+-------+-------++-------
Melee: Unarmed           |   119 |   260 |     3 ||   382
       Headbutt          |    15 |    30 |       ||    45
       Punch             |     2 |     3 |       ||     5
 Cast: Beastly Appendage |    28 |    24 |       ||    52
       Wereblood         |       |     2 |       ||     2
       Spider Form       |       |     5 |     1 ||     6
  Use: Scroll            |       |    11 |       ||    11
 Stab: Sleeping          |     1 |     1 |       ||     2
Armor: Robe              |    25 |    43 |    31 ||    99
       Skin              |       |     1 |       ||     1
Dodge: Dodged            |    72 |   165 |    53 ||   290
